 Dungeon Sprint DCSS version 0.19.4-9-g45fd643 (webtiles) character file.

1098 equalderp2856 the Ripper (level 8, 0/40 HPs)
             Began as a Felid Fighter on Feb 15, 2017.
             Slain by a catoblepas (8 damage)
             ... in the Dungeon (Sprint IX: "|||||||||||||||||||||||||||||").
             The game lasted 00:02:17 (1115 turns).

equalderp2856 the Ripper (Felid Fighter)            Turns: 1115, Time: 00:02:18

Health: 0/40       AC:  2    Str: 13    XL:     8   Next: 10%
Magic:  9/9        EV:  4    Int: 11    God:
Gold:   6          SH:  0    Dex: 16    Spells: 0 memorised, 7 levels left
                                        Lives:  0   Deaths: 2

rFire  . . .     SeeInvis +       - Unarmed
rCold  . . .     Gourm    .     (armour unavailable)
rNeg   + + +     Faith    .     (shield unavailable)
rPois  ∞         Spirit   .     (helmet unavailable)
rElec  .         Reflect  .     (cloak unavailable)
rCorr  .         Harm     .     (gloves unavailable)
MR     +....     NoTele   +     (boots unavailable)
Stlth  ++++++....               (no amulet)
                                (no ring)
                                (no ring)

@: petrified, quick
A: no armour, no weapons or thrown items, stealth, claws 1, fangs 3, see
invisible, carnivore 3, speed 1, shaggy fur 2, slow metabolism 1, sharp paws
a: no special abilities


You were in the Dungeon.
You were not hungry.

You visited 1 branch You collected 6 gold pieces.

Inventory:

Jewellery
 m - a +2 ring of protection
 n - a +2 ring of evasion
 t - an uncursed ring of protection from cold
 u - an uncursed ring of ice
 v - an uncursed ring of protection from fire
 w - an uncursed ring of fire
Wands
 l - a wand of iceblast (7/15)
Scrolls
 h - 4 scrolls of blinking
 j - 3 scrolls of remove curse
 k - 2 scrolls of amnesia
 r - 2 scrolls of recharging
Potions
 a - 2 potions of might
 c - 5 potions of curing
 d - 8 potions of heal wounds
 e - a potion of haste
 f - 4 potions of magic
 g - a potion of berserk rage
 i - a potion of invisibility
 o - a potion of cure mutation
 p - a potion of resistance
 q - a potion of agility
Books
 s - the Guide on Creative Boosts
   (You found it in the Dungeon)

   Spells                             Type                      Level
   a - Song of Slaying                Charms                       2
   b - Ozocubu's Armour               Charms/Ice                   3
   c - Summon Demon                   Summoning                    5
   d - Deflect Missiles               Charms/Air                   6
Comestibles
 b - a meat ration


   Skills:
 + Level 8.0 Fighting
 + Level 12.3 Dodging
 + Level 13.7 Stealth
 + Level 16.5 Unarmed Combat


You had 7 spell levels left.
You didn't know any spells.

Dungeon Overview and Level Annotations

Branches:
Dungeon (1/1)

Altars:
Cheibriados
Dithmenos
Elyvilon
Fedhas
Gozag
Hepliaklqana
Kikubaaqudgha
Makhleb
Nemelex Xobeh
Okawaru
Qazlal
Ru
Sif Muna
Trog
Uskayaw
Vehumet
Xom
Yredelemnul
Zin
The Shining One
Beogh
Jiyva
Lugonu

Shops:
D *


Innate Abilities, Weirdness & Mutations

You cannot wear armour.
You are incapable of wielding weapons or throwing items.
Your paws allow you to move quietly. (Stealth)
You have sharp claws.
You have razor-sharp teeth.
You have supernaturally acute eyesight. (SInv)
You are carnivorous and can eat meat at any time.
You cover ground quickly.
You are covered in thick fur. (AC +2)
You have a slow metabolism.
Your sharp claws are effective at attacking unaware monsters.


Message History

You are engulfed in calcifying dust.
The catoblepas gores you!
You barely miss the catoblepas.
The catoblepas is severely wounded.
You are engulfed in calcifying dust.
You are slowing down.
You completely miss the catoblepas.
The catoblepas is severely wounded.
You are engulfed in calcifying dust.
Your limbs have turned to stone.
The catoblepas gores you!!
You have turned to stone.
You are engulfed in calcifying dust.
The catoblepas breathes a plume of calcifying dust at you.
The blast of calcifying dust hits you!
* * * LOW HITPOINT WARNING * * *
You are engulfed in calcifying dust.
The catoblepas gores you.
* * * LOW HITPOINT WARNING * * *
The catoblepas breathes a plume of calcifying dust at you.
The blast of calcifying dust hits you!
* * * LOW HITPOINT WARNING * * *
You are engulfed in calcifying dust.
The catoblepas gores you!
You die...

▓_▓[▓
▓.▓
▓_▓.▓.▓
▓.▓
▓_▓.▓.▓
▓.▓
▓_▓.▓.▓
▓.▓
▓_▓.▓.▓
▓.▓
▓_▓.▓r▓
▓.▓
▓_▓.▓S▓
▓.▓
▓_▓.▓Y▓
▓.▓
▓_▓.▓@▓
▓.▓.▓
▓_▓.▓§▓
▓.▓)▓
▓_▓.▓§▓
▓.▓)▓
▓_▓.▓§▓
▓.▓)▓
▓_▓.▓.▓
▓.▓)▓
▓_▓.▓.▓
▓.▓)▓
▓_▓.▓.▓
▓.▓)▓
▓'▓.▓.▓
▓.▓)▓
▓.▓.▓.▓
▓.▓)▓


You could see a catoblepas, a water moccasin and a porcupine.

Vanquished Creatures
  Gastronok (D)
  2 spiny frogs (D)
  A komodo dragon (D)
  A hornet (D)
  A wraith (D)
  A shadow (D)
  A basilisk (D)
  A water moccasin (D)
  A porcupine (D)
  An orc warrior (D)
  An ice beast (D)
  2 bullfrogs (D)
  A killer bee (D)
  A crimson imp (D)
  An adder (D)
  A shadow imp (D)
  2 adder zombies (D)
  3 orcs (D)
  A bat (D)
  A bat skeleton (D)
  A giant cockroach (D)
  A hobgoblin (D)
  A kobold (D)
  A frilled lizard (D)
29 creatures vanquished.

Notes
Turn   | Place    | Note
-------+----------+-------------------------------------------
     0 | D        | equalderp2856 the Felid Fighter began the quest for the Orb.
     0 | D        | Reached XP level 1. HP: 10/10 MP: 2/2
    26 | D        | Reached skill level 1 in Stealth
    26 | D        | Reached skill level 5 in Unarmed Combat
    26 | D        | Reached XP level 2. HP: 13/14 MP: 3/3
    36 | D        | Reached skill level 5 in Dodging
    37 | D        | Reached skill level 6 in Unarmed Combat
    42 | D        | Found a roughly hewn altar of Beogh.
    42 | D        | Found a snail-covered altar of Cheibriados.
    42 | D        | Found a shadowy altar of Dithmenos.
    42 | D        | Found a white marble altar of Elyvilon.
    42 | D        | Found a blossoming altar of Fedhas.
    42 | D        | Found an opulent altar of Gozag.
    43 | D        | Found a hazy altar of Hepliaklqana.
    44 | D        | Found a viscous altar of Jiyva.
    45 | D        | Found an ancient bone altar of Kikubaaqudgha.
    46 | D        | Found a corrupted altar of Lugonu.
    47 | D        | Found a burning altar of Makhleb.
    48 | D        | Found a sparkling altar of Nemelex Xobeh.
    49 | D        | Found an iron altar of Okawaru.
    50 | D        | Found a stormy altar of Qazlal.
    51 | D        | Found a sacrificial altar of Ru.
    52 | D        | Found a deep blue altar of Sif Muna.
    53 | D        | Found a bloodstained altar of Trog.
    54 | D        | Found a hide-covered altar of Uskayaw.
    55 | D        | Found a radiant altar of Vehumet.
    56 | D        | Found a shimmering altar of Xom.
    57 | D        | Found a basalt altar of Yredelemnul.
    58 | D        | Found a glowing silver altar of Zin.
    59 | D        | Found a glowing golden altar of the Shining One.
    84 | D        | Noticed an orc warrior
    84 | D        | Noticed an ice beast
    84 | D        | Noticed a bullfrog
    84 | D        | Noticed a water moccasin
    84 | D        | Noticed a killer bee
    84 | D        | Noticed a hornet
    86 | D        | Killed a hornet
    86 | D        | Reached skill level 5 in Fighting
    86 | D        | Reached skill level 5 in Stealth
    86 | D        | Reached skill level 9 in Unarmed Combat
    86 | D        | Reached XP level 3. HP: 20/20 MP: 4/4
    86 | D        | Reached XP level 4. HP: 24/24 MP: 5/5
    86 | D        | Reached XP level 5. HP: 27/27 MP: 6/6
    91 | D        | Reached skill level 10 in Unarmed Combat
    97 | D        | Killed a water moccasin
    97 | D        | Gained mutation: You are covered in thick fur. (AC +2) [Felid growth]
    97 | D        | Reached XP level 6. HP: 23/31 MP: 7/7
   104 | D        | Reached skill level 11 in Unarmed Combat
   107 | D        | Killed an ice beast
   107 | D        | Reached XP level 7. HP: 26/35 MP: 8/8
   110 | D        | Reached skill level 12 in Unarmed Combat
   205 | D        | Noticed a shadow
   205 | D        | Noticed a wraith
   207 | D        | Killed a wraith
   211 | D        | Reached skill level 10 in Dodging
   264 | D        | Killed a shadow
   264 | D        | Reached skill level 13 in Unarmed Combat
   466 | D        | Noticed Gastronok
   473 | D        | Killed Gastronok
   473 | D        | Reached skill level 15 in Unarmed Combat
   473 | D        | Reached XP level 8. HP: 40/40 MP: 9/9
   473 | D        | Reached XP level 9. HP: 44/44 MP: 10/10
   539 | D        | Identified the Guide on Creative Boosts (You found it in the Dungeon)
   552 | D        | Noticed a komodo dragon
   552 | D        | Noticed a spiny frog
   552 | D        | Noticed a spiny frog
   555 | D        | Noticed a catoblepas
   560 | D        | Killed a spiny frog
   719 | D        | Killed a spiny frog
   719 | D        | Reached skill level 16 in Unarmed Combat
   895 | D        | Killed from afar by a catoblepas
   896 | D        | Reached XP level 8. HP: 0/40 MP: 9/9
   996 | D        | Found Heahoil's General Store.
   996 | D        | Noticed an orc knight
   996 | D        | Noticed an orc high priest
   996 | D        | Noticed an orc high priest
   996 | D        | Noticed an orc knight
   996 | D        | Noticed an orc high priest
   997 | D        | Noticed a hellwing
   999 | D        | Noticed a sun demon
  1006 | D        | Noticed a red devil
  1007 | D        | Killed from afar by an orc high priest
  1008 | D        | Reached XP level 7. HP: -7/37 MP: 8/8
  1080 | D        | Killed a komodo dragon
  1080 | D        | Reached XP level 8. HP: 40/40 MP: 9/9
  1115 | D        | Slain by a catoblepas

Skill      XL: |  1  2  3  4  5  6  7  8  9 |
---------------+----------------------------+-----
Stealth        | 1 5 6 7 12 13 | 13.7
Unarmed Combat | 5 9 10 11 15 16 | 16.5
Dodging        | 7 8 9 11 12 | 12.3
Fighting       | 5 6 7 8 |  8.0

Action                   |  1- 3 |  4- 6 |  7- 9 || total
-------------------------+-------+-------+-------++-------
Melee: Unarmed           |    26 |    21 |    69 ||   116
       Punch             |     1 |       |     5 ||     6
       Bite              |       |     3 |     5 ||     8
 Stab: Sleeping          |     4 |       |     5 ||     9
Armor: Skin              |     1 |     1 |     1 ||     3
Dodge: Dodged            |    19 |    18 |    36 ||    73
